BSA
BOSTON REBELS @ PLYMOUTH ROCKS
05/08/2024
 
TOP OF THE 1ST
Boston Rebels batting - Pitching for Plymouth Rocks : RHP Mario Torres
Pitching: RHP Mario Torres
Batting: LHB Bill Wilson 0-0: Swinging Strike
0-1: Bunt for hit - play at first, batter OUT! 5-3
Batting: SHB Álex Rosado 0-0: Swinging Strike
0-1: Swinging Strike
0-2: Strikes out swinging
Batting: LHB Bill Wilson 0-0: Foul Ball, location: 2F
0-1: Foul Ball, location: 2F
0-2: Ball
1-2: Ball
2-2: Strikes out swinging
Top of the 1st over - 0 run(s), 0 hit(s), 0 error(s), 0 left on base; Boston 0 - Plymouth 0
BOTTOM OF THE 1ST
Plymouth Rocks batting - Pitching for Boston Rebels : LHP Dave Huot
Pitching: LHP Dave Huot
Batting: RHB Millard Boyd 0-0: Foul Ball, location: 2F
0-1: Foul Ball, location: 2F
0-2: Ball
1-2: Ball
2-2: Ball
3-2: Foul Ball, location: 2F
3-2: SINGLE (Line Drive, 6MD)
Batting: LHB John Doby 0-0: Swinging Strike
0-1: Ball
1-1: Called Strike
1-2: Foul Ball, location: 2F
1-2: Ball
2-2: Strikes out looking
Batting: RHB Frederico Hernández 0-0: Called Strike
0-1: Swinging Strike
0-2: Strikes out swinging
Batting: RHB António Zúñiga 0-0: Ball
1-0: Called Strike
1-1: DOUBLE (Line Drive, 34D)
Millard Boyd to third
Runner from 3rd tries for Home, SAFE, no throw or cutoff
Batting: RHB Richard Coker 0-0: Foul Ball, location: 2F
0-1: Ball
1-1: Ball
2-1: Swinging Strike
2-2: Foul Ball, location: 2F
2-2: Ball
3-2: Base on Balls
Batting: RHB Alberto Ramos 0-0: Ball
1-0: Called Strike
1-1: Foul Ball, location: 2F
1-2: Ball
2-2: Ball
3-2: Base on Balls
António Zúñiga to third
Richard Coker to second
Batting: RHB Armando González 0-0: Foul Ball, location: 2F
0-1: Foul Ball, location: 2F
0-2: Ball
1-2: Foul Ball, location: 2F
1-2: Foul Ball, location: 2F
1-2: Ball
2-2: Ball
3-2: Fly out, F5 (Line Drive, 5)
Bottom of the 1st over - 1 run(s), 2 hit(s), 0 error(s), 3 left on base; Boston 0 - Plymouth 1
TOP OF THE 2ND
Boston Rebels batting - Pitching for Plymouth Rocks : RHP Mario Torres
Batting: SHB Javier Villegas 0-0: Called Strike
0-1: Swinging Strike
0-2: Ball
1-2: Foul Ball, location: 2F
1-2: Strikes out swinging
Batting: LHB Jeff Gordon 0-0: Ball
1-0: Fly out, F9 (Flyball, 89XD)
Batting: RHB Ronnie Brown 0-0: Ball
1-0: Ball
2-0: Fly out, F9 (Flyball, 9LM)
Top of the 2nd over - 0 run(s), 0 hit(s), 0 error(s), 0 left on base; Boston 0 - Plymouth 1
BOTTOM OF THE 2ND
Plymouth Rocks batting - Pitching for Boston Rebels : LHP Dave Huot
Batting: RHB Alberto Hernández 0-0: Ball
1-0: Foul Ball, location: 2F
1-1: Swinging Strike
1-2: Foul Ball, location: 2F
1-2: Foul Ball, location: 2F
1-2: Ball
2-2: Strikes out swinging
Batting: LHB Justino Salas 0-0: Called Strike
0-1: Ball
1-1: Foul Ball, location: 2F
1-2: Strikes out swinging
Batting: RHB Millard Boyd 0-0: Ball
1-0: Foul Ball, location: 2F
1-1: Foul Ball, location: 2F
1-2: Ball
2-2: Fly out, F5 (Popup, 5F)
Bottom of the 2nd over - 0 run(s), 0 hit(s), 0 error(s), 0 left on base; Boston 0 - Plymouth 1
TOP OF THE 3RD
Boston Rebels batting - Pitching for Plymouth Rocks : RHP Mario Torres
Batting: LHB Stanley Mullins 0-0: Called Strike
0-1: Foul Ball, location: 2F
0-2: Ball
1-2: Foul Ball, location: 2F
1-2: Ball
2-2: Foul Ball, location: 2F
2-2: Fly out, F7 (Line Drive, 78D)
Batting: LHB Tony Ramírez 0-0: Foul Ball, location: 2F
0-1: Ball
1-1: Ground out 4-3 (Groundball, 4)
Batting: RHB Rubén Matos 0-0: Ball
1-0: Foul Ball, location: 2F
1-1: Ball
2-1: Called Strike
2-2: Ball
3-2: Fly out, F4 (Popup, 4MD)
Top of the 3rd over - 0 run(s), 0 hit(s), 0 error(s), 0 left on base; Boston 0 - Plymouth 1
BOTTOM OF THE 3RD
Plymouth Rocks batting - Pitching for Boston Rebels : LHP Dave Huot
Batting: LHB John Doby 0-0: Called Strike
0-1: SINGLE (Groundball, 4M)
Batting: RHB Frederico Hernández 0-0: Called Strike
0-1: Swinging Strike
0-2: Ball
1-2: DOUBLE (Line Drive, 78D)
John Doby to third
Batting: RHB António Zúñiga 0-0: Ball
1-0: Foul Ball, location: 2F
1-1: Ball
2-1: Fly out, F6 (Popup, 6MD)
Batting: RHB Richard Coker 0-0: Ground out 4-3 (Groundball, 4)
John Doby scores
Frederico Hernández to third
Batting: RHB Alberto Ramos 0-0: Called Strike
0-1: 2-RUN HOME RUN (Flyball, 7D), Distance : 394 ft
Batting: RHB Armando González 0-0: SINGLE (Line Drive, 6M)
Batting: RHB Alberto Hernández 0-0: Ball
1-0: Swinging Strike
1-1: Ball
2-1: SINGLE (Line Drive, 6MD)
Armando González to second
Batting: LHB Justino Salas 0-0: Foul Ball, location: 2F
0-1: Ball
1-1: Swinging Strike
1-2: Ball
2-2: Foul Ball, location: 2F
2-2: Strikes out swinging
Bottom of the 3rd over - 3 run(s), 5 hit(s), 0 error(s), 2 left on base; Boston 0 - Plymouth 4
TOP OF THE 4TH
Boston Rebels batting - Pitching for Plymouth Rocks : RHP Mario Torres
Batting: LHB Bill Wilson 0-0: Called Strike
0-1: Ball
1-1: Fly out, F5 (Popup, 5DF)
Batting: SHB Álex Rosado 0-0: Ball
1-0: Ball
2-0: Ball
3-0: Base on Balls
Batting: LHB Bill Wilson 0-0: Ball
1-0: Ball
2-0: Ball
Wild Pitch!
Álex Rosado to second
3-0: Called Strike
3-1: Base on Balls
Batting: SHB Javier Villegas 0-0: Ball
1-0: DOUBLE (Line Drive, 7LS)
Álex Rosado scores
Bill Wilson to third
Runner from 3rd tries for Home, SAFE, no throw or cutoff
Batting: LHB Jeff Gordon 0-0: Called Strike
0-1: Foul Ball, location: 2F
0-2: Ball
1-2: Strikes out swinging
Batting: RHB Ronnie Brown 0-0: Foul Ball, location: 2F
0-1: Ball
1-1: Foul Ball, location: 2F
1-2: Ball
2-2: Foul Ball, location: 2F
2-2: SINGLE (Groundball, 5)
Javier Villegas to third
Batting: LHB Stanley Mullins 0-0: Ball
1-0: Fly out, F5 (Popup, 5F)
Top of the 4th over - 2 run(s), 2 hit(s), 0 error(s), 2 left on base; Boston 2 - Plymouth 4
BOTTOM OF THE 4TH
Plymouth Rocks batting - Pitching for Boston Rebels : LHP Dave Huot
Batting: RHB Millard Boyd 0-0: Ball
1-0: Foul Ball, location: 2F
1-1: Ball
2-1: Foul Ball, location: 2F
2-2: Fly out, F8 (Flyball, 8LM)
Batting: LHB John Doby 0-0: Ball
1-0: Called Strike
1-1: Called Strike
1-2: Strikes out swinging
Batting: RHB Frederico Hernández 0-0: Called Strike
0-1: Ball
1-1: Fly out, F5 (Popup, 25F)
Bottom of the 4th over - 0 run(s), 0 hit(s), 0 error(s), 0 left on base; Boston 2 - Plymouth 4
TOP OF THE 5TH
Boston Rebels batting - Pitching for Plymouth Rocks : RHP Mario Torres
Batting: LHB Tony Ramírez 0-0: Ball
1-0: Ground out 5-3 (Groundball, 56)
Batting: RHB Rubén Matos 0-0: Called Strike
0-1: Ball
1-1: Foul Ball, location: 2F
1-2: Ground out 5-3 (Groundball, 5)
Batting: LHB Bill Wilson 0-0: Ball
1-0: Fly out, F7 (Line Drive, 7S)
Top of the 5th over - 0 run(s), 0 hit(s), 0 error(s), 0 left on base; Boston 2 - Plymouth 4
BOTTOM OF THE 5TH
Plymouth Rocks batting - Pitching for Boston Rebels : LHP Dave Huot
Pitching: LHP António Alvarado
Batting: RHB António Zúñiga 0-0: Foul Ball, location: 2F
0-1: Ball
1-1: Foul Ball, location: 2F
1-2: Foul Ball, location: 2F
1-2: Foul Ball, location: 2F
1-2: Fly out, F7 (Line Drive, 78M)
Batting: RHB Richard Coker 0-0: Hit by Pitch
Batting: RHB Alberto Ramos 0-0: Foul Ball, location: 2F
0-1: Called Strike
0-2: Fly out, F4 (Line Drive, 4M)
Batting: RHB Armando González 0-0: Ball
1-0: Fielders Choice at 2nd, 6-4 (Groundball, 56)
Bottom of the 5th over - 0 run(s), 0 hit(s), 0 error(s), 0 left on base; Boston 2 - Plymouth 4
TOP OF THE 6TH
Boston Rebels batting - Pitching for Plymouth Rocks : RHP Mario Torres
Batting: SHB Álex Rosado 0-0: Called Strike
0-1: Ball
1-1: Called Strike
1-2: Ground out 5-3 (Groundball, 5L)
Batting: LHB Bill Wilson 0-0: SOLO HOME RUN (Flyball, 89XD), Distance : 436 ft
Batting: SHB Javier Villegas 0-0: Ball
1-0: Ball
2-0: Called Strike
2-1: Ball
3-1: Foul Ball, location: 2F
3-2: Strikes out swinging
Batting: LHB Jeff Gordon 0-0: Swinging Strike
0-1: Ball
1-1: Swinging Strike
1-2: Strikes out swinging
Top of the 6th over - 1 run(s), 1 hit(s), 0 error(s), 0 left on base; Boston 3 - Plymouth 4
BOTTOM OF THE 6TH
Plymouth Rocks batting - Pitching for Boston Rebels : LHP António Alvarado
Batting: RHB Alberto Hernández 0-0: Ball
1-0: Ball
2-0: Called Strike
2-1: Foul Ball, location: 2F
2-2: Ball
3-2: SINGLE (Line Drive, 78S)
Batting: LHB Justino Salas 0-0: Called Strike
0-1: Ball
1-1: Swinging Strike
1-2: Strikes out looking
Batting: RHB Millard Boyd 0-0: Called Strike
0-1: Ball
1-1: Grounds into double play, 6-4-3 (Groundball, 6)
Bottom of the 6th over - 0 run(s), 1 hit(s), 0 error(s), 0 left on base; Boston 3 - Plymouth 4
TOP OF THE 7TH
Boston Rebels batting - Pitching for Plymouth Rocks : RHP Mario Torres
Batting: RHB Ronnie Brown 0-0: Ground out 4-3 (Groundball, 4M)
Batting: LHB Stanley Mullins 0-0: Ball
1-0: Foul Ball, location: 2F
1-1: Called Strike
1-2: Ball
2-2: Ball
3-2: Fly out, F8 (Flyball, 8RXD)
Batting: LHB Tony Ramírez 0-0: SINGLE (Line Drive, 78S)
Batting: RHB Rubén Matos Pickoff Throw to First - Out!
Top of the 7th over - 0 run(s), 1 hit(s), 0 error(s), 0 left on base; Boston 3 - Plymouth 4
BOTTOM OF THE 7TH
Plymouth Rocks batting - Pitching for Boston Rebels : LHP António Alvarado
Batting: LHB John Doby 0-0: Ball
1-0: Ball
2-0: Ball
3-0: Called Strike
3-1: Foul Ball, location: 2F
3-2: Foul Ball, location: 2F
3-2: SINGLE (Groundball, 5D)
Pitching: RHP Alberto Bonilla
Pinch Hitting: LHB Robert Phillips 0-0: Called Strike
0-1: Ball
1-1: Grounds into double play, 6-4-3 (Groundball, 6)
Batting: RHB António Zúñiga 0-0: Ball
1-0: Ball
2-0: Ball
3-0: Called Strike
3-1: Ground out 4-3 (Groundball, 4)
Bottom of the 7th over - 0 run(s), 1 hit(s), 0 error(s), 0 left on base; Boston 3 - Plymouth 4
TOP OF THE 8TH
Boston Rebels batting - Pitching for Plymouth Rocks : RHP Mario Torres
Now in LF: Robert Phillips
Batting: RHB Rubén Matos 0-0: Fly out, F9 (Flyball, 8RD)
Batting: LHB Bill Wilson 0-0: Ball
1-0: Ball
2-0: Called Strike
2-1: Foul Ball, location: 2F
2-2: Foul Ball, location: 2F
2-2: Foul Ball, location: 2F
2-2: Ball
3-2: Foul Ball, location: 2F
3-2: Foul Ball, location: 2F
3-2: Fly out, F3 (Popup, 34)
Batting: SHB Álex Rosado 0-0: Called Strike
0-1: Foul Ball, location: 2F
0-2: Foul Ball, location: 2F
0-2: Ground out 5-3 (Groundball, 5L)
Top of the 8th over - 0 run(s), 0 hit(s), 0 error(s), 0 left on base; Boston 3 - Plymouth 4
BOTTOM OF THE 8TH
Plymouth Rocks batting - Pitching for Boston Rebels : RHP Alberto Bonilla
Batting: RHB Richard Coker 0-0: Ball
1-0: Foul Ball, location: 2F
1-1: Ball
2-1: Called Strike
2-2: SINGLE (Line Drive, 4MD)
Batting: RHB Alberto Ramos 0-0: Ball
1-0: Bunted foul
1-1: Ball
2-1: Sac Bunt - play at second, runner OUT! 1-6
Batting: RHB Armando González 0-0: Ball
1-0: Called Strike
1-1: Foul Ball, location: 2F
1-2: Strikes out swinging
Batting: RHB Alberto Hernández 0-0: Called Strike
0-1: Ball
1-1: Called Strike
1-2: Strikes out swinging
Bottom of the 8th over - 0 run(s), 1 hit(s), 0 error(s), 1 left on base; Boston 3 - Plymouth 4
TOP OF THE 9TH
Boston Rebels batting - Pitching for Plymouth Rocks : RHP Mario Torres
Pitching: RHP Felipe Reyes
Batting: LHB Bill Wilson 0-0: Called Strike
0-1: Swinging Strike
0-2: Ball
1-2: Strikes out swinging
Batting: SHB Javier Villegas 0-0: Called Strike
0-1: Called Strike
0-2: Foul Ball, location: 2F
0-2: Ground out U3 (Groundball, 3S)
Batting: LHB Jeff Gordon 0-0: Ball
1-0: Fly out, F5 (Popup, 5F)
Top of the 9th over - 0 run(s), 0 hit(s), 0 error(s), 0 left on base; Boston 3 - Plymouth 4
This league is powered by Out of the Park Baseball, the baseball management simulation game for PC, Mac and Linux
Saturday, April 9th, 2016 - OOTP Baseball 16.8 Build 38